 Dungeon Crawl Stone Soup version 0.29-a0-82-g837932c90e (webtiles) character file.

Game seed: 7245269438923254928

25 lordive the Grasshopper (level 2, -7/24 (25) HPs)
             Began as a Draconian Warper on Feb 4, 2022.
             Killed from afar by an orc wizard (9 damage)
             ... with a magic dart
             ... on level 2 of the Dungeon.
             The game lasted 00:01:39 (1242 turns).

lordive the Grasshopper (Draconian Warper)          Turns: 1242, Time: 00:01:40

HP:   -7/24 (25)    AC:  4    Str: 13    XL:     2   Next: 86%
MP:   5/5           EV: 12    Int: 13    God:
Gold: 39            SH:  0    Dex: 10    Spells: 3/5 levels left

rFire   . . .      SeeInvis .   a - +0 falchion
rCold   . . .      Faith    .   (no shield)
rNeg    . . .      Spirit   .   (armour unavailable)
rPois   .          Reflect  .   (helmet restricted)
rElec   .          Harm     .   (no cloak)
rCorr   .          Rampage  .   (no gloves)
Will    +....                   (no boots)
Stlth   +.........              (no amulet)
HPRegen 0.08/turn               d - ring of willpower
MPRegen 0.09/turn               (no ring)

@: lightly drained
A: AC +4, unfitting armour, cold-blooded
a: no special abilities


You were on level 2 of the Dungeon.
You visited 1 branch of the dungeon, and saw 2 of its levels.

You collected 52 gold pieces.
You spent 13 gold pieces at shops.

Inventory:

Hand Weapons
 a - a +0 falchion (weapon)
Missiles
 c - 5 boomerangs of dispersal (quivered)
Jewellery
 d - a ring of willpower (left hand)
 e - a +6 ring of strength
Scrolls
 b - a scroll of blinking
 f - a scroll of summoning {unknown}
 g - 2 scrolls of noise
 h - a scroll of identify {unknown}


   Skills:
 + Level 2.5 Fighting
 + Level 2.3 Long Blades
 - Level 0.8 Throwing
 + Level 2.2 Dodging
 + Level 0.1 Stealth
 + Level 2.1 Spellcasting
 * Level 3.4 Translocations


You had 3 spell levels left.
You knew the following spells:

 Your Spells              Type           Power      Damage    Failure   Level
a - Blink                 Tloc           20%        N/A       10%         2

Your spell library contained the following spells:

 Spells                   Type           Power      Damage    Failure   Level
 Gell's Gravitas          Tloc           10%        N/A       19%         3
 Lesser Beckoning         Tloc           10%        N/A       19%         3
 Teleport Other           Tloc           10%        N/A       19%         3
 Tukima's Dance           Hex            1%         N/A       58%         3
 Passage of Golubria      Tloc           10%        N/A       52%         4
 Manifold Assault         Tloc           10%        N/A       86%         5
 Yara's Violent Unravell  Hex/Tmut       0%         3d3       100%        5


Dungeon Overview and Level Annotations

Branches:
Dungeon (2/15)

Altars:

Shops:
D:1 ?

Annotations:
D:2 Terence


Innate Abilities, Weirdness & Mutations

Your plain brown scales are hard. (AC +4)
You cannot fit into any form of body armour.
You are cold-blooded and may be slowed by cold attacks.


Message History

The orc moves out of view.
There are monsters nearby!
There are monsters nearby!
An orc comes into view. It is wielding a +0 dagger.
The orc shouts!
The orc wizard shouts!
You see here a scroll labelled PEAWNO UCIO.
The orc wizard gestures wildly while chanting.
The orc wizard flickers and vanishes!
Deactivating autopickup; reactivate with Ctrl-A.
The orc hits you but does no damage.
You feel drained.
You hit the orc. Your punch misses the orc.
The orc is lightly wounded.
The orc closely misses you.
You slash the orc!
You kill the orc!
You barely miss something.
Your tail-slap misses something.
Something hits you.
You hit something. Something hits you but does no damage.
You closely miss something. Something hits you but does no damage.
You miss something. Something completely misses you.
You closely miss something. Something hits you.
Something hits you but does no damage.
You hit something but do no damage. Something hits you but does no damage.
You hit something. Something hits you but does no damage.
You closely miss something. Something hits you.
You closely miss something. Something hits you.
You miss something. Something hits you.
You closely miss something.
Your tail-slap misses something.
Something hits you. Something hits you but does no damage.
You miss something. Something hits you.
You barely miss something. You tail-slap something. Something hits you.
You completely miss something.
You hear some strange, mumbled words.
A puff of flame appears from out of thin air!
The puff of flame hits you!
* * * LOW HITPOINT WARNING * * *
You closely miss something.
Your tail-slap misses something.
You hear some strange, mumbled words.
A magic dart appears from out of thin air!
The magic dart hits you!
You die...

... .#. .o.
#.. ..{ #.#
#o##.#######
#...........
#...o....#
#..#o#
#..#{# #
#..#@##.#...
#..#........
#.†...#.....
##.†#..#....
##.###..#.#.
##.## #.#.#
#.## #..
##.## #....
##.###.# .#


You could see 2 orcs.

Vanquished Creatures
  An orc (D:2)
  2 ball pythons
  5 endoplasms
  A goblin (D:1)
  3 hobgoblins (D:1)
  2 jackals (D:1)
  A quokka (D:1)
  A bat (D:1)
  2 frilled lizards (D:1)
  A kobold (D:1)
  2 rats
21 creatures vanquished.

Notes
Turn   | Place    | Note
-------+----------+-------------------------------------------
     0 | D:1      | lordive the Draconian Warper began the quest for the Orb.
     0 | D:1      | Reached XP level 1. HP: 17/17 MP: 3/3
   412 | D:1      | Found a faded altar of an unknown god.
   533 | D:1      | Reached XP level 2. HP: 17/25 MP: 5/5
   810 | D:1      | Found Meyh Liwa's Magic Scroll Shoppe.
   851 | D:1      | Bought a scroll of noise for 13 gold pieces
  1084 | D:2      | Noticed Terence
  1123 | D:1      | Learned a level 2 spell: Blink
  1242 | D:2      | Killed from afar by an orc wizard

Illustrated notes

Levels and vault maps discovered:
D:1:      dpeg_arrival_solitude, layout_loops_cross, serial_shops,
          nicolae_diamond_shop, ebering_ecumenical_altar_abandoned
D:2:      layout_loops_ring, hangedman_decor_peaks_small,
          minmay_rat_gold_closets, uniq_jessica, uniq_terence

Action                   || total
-------------------------++-------
Melee: Falchion          ||    95
       Tailslap          ||     6
       Punch             ||     1
 Stab: Sleeping          ||     1
Armor: Skin              ||    37
Dodge: Dodged            ||    60

Table legend: (Time is in decaauts)
 A = Elapsed time spent in this place.
 B = Non-inter-level travel time spent in this place.
 C = Inter-level travel time spent in this place.
 D = Time resting spent in this place.
 E = Time spent auto-exploring this place.
 F = Levels seen in this place.
 G = Mean time per level.
                   A        B        C        D        E       F      G
               +--------+--------+--------+--------+--------+-----+--------+
         Total |   1261 |   1187 |     74 |      0 |    995 |   2 |  630.5 |
       Dungeon |   1261 |   1187 |     74 |      0 |    995 |   2 |  630.5 |
               +--------+--------+--------+--------+--------+-----+--------+

Top non-repeatable levels by time:
     D:1: 1147 daAuts
     D:2: 114 daAuts
